 Dungeon Crawl Stone Soup version 0.29.1-13-g9f3cf754e1 (webtiles) character file.

Game seed: 7542243940636370752

51 Exodus22XD the Poker (level 3, -4/27 HPs)
             Began as a Demonspawn Gladiator on Feb 3, 2023.
             Killed from afar by Sigmund (10 damage)
             ... with a puff of flame
             ... on level 2 of the Dungeon.
             The game lasted 00:00:52 (967 turns).

Exodus22XD the Poker (Demonspawn Gladiator)          Turns: 967, Time: 00:00:52

Health: -4/27      AC:  4    Str: 16    XL:     3   Next: 58%
Magic:  3/3        EV: 12    Int:  9    God:
Gold:   56         SH:  0    Dex: 14    Spells: 2/2 levels left

rFire   . . .      SeeInvis .   a - +0 trident
rCold   . . .      Faith    .   (no shield)
rNeg    . . .      Spirit   .   b - +0 leather armour
rPois   .          Reflect  .   c - +0 helmet
rElec   .          Harm     .   (no cloak)
rCorr   .          Rampage  .   (no gloves)
Will    .....                   (no boots)
Stlth   +.........              (no amulet)
HPRegen 0.09/turn               (no ring)
MPRegen 0.08/turn               (no ring)

@: confused
A: hooves 1
a: no special abilities


You were on level 2 of the Dungeon.
You visited 1 branch of the dungeon, and saw 2 of its levels.

You collected 56 gold pieces.

Inventory:

Hand Weapons
 a - a +0 trident (weapon)
Missiles
 d - 3 throwing nets (quivered)
 e - a javelin
Armour
 b - a +0 leather armour (worn)
 c - a +0 helmet (worn)
Jewellery
 h - a ring of willpower
Scrolls
 f - a scroll of teleportation {unknown}
 g - a scroll of magic mapping {unknown}
 i - a scroll of poison {unknown}
 j - 2 scrolls of blinking {unknown}
 l - a scroll of identify {unknown}
Potions
 k - a potion of brilliance {unknown}


   Skills:
 + Level 2.2 Fighting
 + Level 3.5 Polearms
 - Level 1.7 Throwing
 * Level 1.0 Armour
 + Level 3.1 Dodging


You had 2 spell levels left.
You didn't know any spells.
Your spell library was empty.

Dungeon Overview and Level Annotations

Branches:
Dungeon (2/15)

Altars:

Annotations:
D:2 Sigmund


Innate Abilities, Weirdness & Mutations

You have large cloven feet.


Message History

Terence is moderately wounded.
Terence barely misses you.
Sigmund the Dreaded comes into view.
He is wielding a +0 scythe.
Terence screams, "I want your blood!" Terence closely misses you.
Sigmund shouts!
You hit Terence but do no damage. Your kick misses Terence.
Terence is moderately wounded.
Terence hits you with a +0 mace.
You hit Terence.
Terence is heavily wounded.
Terence completely misses you. Terence attacks as you move away!
Terence closely misses you.
You hit Terence. Your kick misses Terence.
Terence is severely wounded.
Terence hits you with a +0 mace.
* * * LOW HITPOINT WARNING * * *
You puncture Terence!
You kill Terence!
Your Armour skill increases to level 1!
You have reached level 3!
Your experience leads to an increase in your attributes!
Increase (S)trength, (I)ntelligence, or (D)exterity?
You feel stronger. x2
Sigmund is nearby!
Sigmund casts a spell at you. You resist with significant effort.
Sigmund gestures at you while chanting.
You are confused.
Unknown command.
Sigmund mumbles some strange words.
Sigmund flickers and vanishes!
Deactivating autopickup; reactivate with Ctrl-A.
You feel less confused.
You hear some strange, mumbled words.
You are confused.
You hear some strange, mumbled words.
A puff of flame appears from out of thin air!
The puff of flame hits you!
You die...

###............#
......#$...#....
####..........#
.......)##....#
#####....##....# #
...............#.#
###...#....#....#
#.{..........#
#@......)....#
#....####....#
###.#..# #####
#..<#.## #####.#
..# ##.# ###


There were no monsters in sight!

Vanquished Creatures
  Terence (D:2)
  A worm (D:2)
  A dart slug (D:1)
  2 bats
  2 endoplasms (D:2)
  A giant cockroach (D:1)
  2 goblins (D:1)
  A hobgoblin (D:1)
  2 jackals (D:1)
  4 frilled lizards (D:1)
  2 kobolds
19 creatures vanquished.

Notes
Turn   | Place    | Note
-------+----------+-------------------------------------------
     0 | D:1      | Exodus22XD the Demonspawn Gladiator began the quest for the
                  | Orb.
     0 | D:1      | Reached XP level 1. HP: 16/16 MP: 1/1
   192 | D:1      | Discovered your monstrous ancestry.
   192 | D:1      | Gained mutation: You have large cloven feet. [demonic
                  | ancestry]
   192 | D:1      | Reached XP level 2. HP: 17/22 MP: 2/2
   304 | D:1      | Found a faded altar of an unknown god.
   939 | D:2      | Noticed Terence
   950 | D:2      | Noticed Sigmund
   955 | D:2      | Killed Terence
   956 | D:2      | Reached skill level 1 in Armour
   956 | D:2      | Reached XP level 3. HP: 5/27 MP: 3/3
   967 | D:2      | Killed from afar by Sigmund

Illustrated notes

Levels and vault maps discovered:
D:1:      dpeg_arrival_arbitrary_c, layout_basic,
          shapermc_ecumenical_altar_venn, minivault_19, minivault_14
D:2:      layout_basic, skrybe_limestone_x, kennysheep_generic_room_13,
          uniq_sigmund, uniq_terence

Skill      XL: |  1  2 |
---------------+-------+-----
Polearms       | 3 |  3.5
Dodging        | 3 |  3.1
Armour         | 1 |  1.0
Fighting       | |  2.2
Throwing       | |  1.7

Action                   || total
-------------------------++-------
Melee: Trident           ||    74
       Kick              ||    12
Armor: Leather armour    ||    10
Dodge: Dodged            ||    30
